Map: New Gettysburg LE

Players

chechi - Winner!

  • Race: Zerg Zerg
  • League: Bronze

Gracz

  • Race: Zerg Zerg
  • League: Bronze

VOD

Have the link to the VOD?

Description

Time

  • Played on: Sept. 3, 2016, 7:06 a.m.
  • Length: 6:49
Show
View Real Time Build Order
Export as new Build Order

chechi Zerg - Winner!

Build Orders: Pool First 

Get SALT Encoding   

  12  0:20  Spawning Pool  
  11  0:34  Overlord  
  11  0:59  Hatchery  
  10  1:08  Zergling x4  
  12  1:12  Zergling x2  
  13  1:23  Zergling x2  
  14  1:38  Zergling x2  
  15  2:27  Zergling x10  
  16  2:58  Zergling x8  
  17  2:59  Zergling x2  
  20  3:55  Zergling x6  
  22  3:56  Zergling x6  
  26  4:17  Zergling x4  
  26  5:15  Zergling x2  
  26  5:18  Overlord x2  
  27  6:17  Zergling x10  
  27  6:18  Zergling x2  
Show
View Real Time Build Order
Export as new Build Order

Gracz Zerg 

Build Orders: Pool First 

Get SALT Encoding   

  12  0:08  Drone x2  
  14  0:16  Extractor, Drone  
  15  0:37  Spawning Pool  
  15  0:38  Extractor  
  13  0:57  Drone  
  14  1:09  Hatchery  
  13  1:18  Drone  
  13  1:20  Overlord  
  14  1:52  Drone x2  
  16  1:56  Lair  
  16  2:00  Extractor  
  15  2:05  Zergling x4  
  11  2:41  Zergling x8  
  15  3:09  Drone x3  
  17  3:32  Zergling x8  
  15  4:02  Queen  
  13  4:07  Spine Crawler  
  14  4:10  Spine Crawler  
  7  5:13  Hatchery  
Tags
 
Add a new tag
Caveats
  • Supply blocks, unpowered buildings, or Contaminate may cause inaccurate times.
  • Supply counts are checked every 10 seconds.